 Dungeon Crawl Stone Soup version 0.20.1-1-g8b1a95d (webtiles) character file.

76 Supahsalami the Sneak (level 4, -2/33 HPs)
             Began as a Vampire Assassin on Nov 2, 2017.
             Slain by Glooni's ghost (15 damage)
             ... on level 4 of the Dungeon.
             The game lasted 00:11:13 (1967 turns).

Supahsalami the Sneak (Vampire Assassin)            Turns: 1967, Time: 00:11:14

Health: -2/33      AC:  4    Str: 10    XL:     4   Next: 12%
Magic:  4/4        EV: 11    Int: 13    God:
Gold:   75         SH:  0    Dex: 16    Spells: 3/3 levels left

rFire    . . .     SeeInvis +   a - +2 dagger
rCold    + . .     Gourm    .   (no shield)
rNeg     + + .     Faith    .   o - +0 leather armour (curse)
rPois    +         Spirit   .   (no helmet)
rElec    .         Reflect  .   d - +0 cloak
rCorr    .         Harm     .   (no gloves)
MR       .....                  (no boots)
Stlth    ++++......             (no amulet)
Regen    0.1/turn               (no ring)
MPRegen  0.1/turn               (no ring)

@: regenerating slowly
A: fangs 3, see invisible, unbreathing
a: Bat Form


You were on level 4 of the Dungeon.
You were thirsty.

You visited 1 branch of the dungeon, and saw 4 of its levels.

You collected 75 gold pieces.

Inventory:

Hand Weapons
 a - a +2 dagger (weapon)
 b - a +0 blowgun
Armour
 c - a +0 robe
 d - a +0 cloak (worn)
 o - a cursed +0 leather armour (worn)
Wands
 r - a wand of disintegration (9/24)
Scrolls
 h - a scroll of fear {unknown}
 j - 3 scrolls of identify {unknown}
 k - 2 scrolls of remove curse {unknown}
 m - a scroll of immolation {unknown}
Potions
 g - 16 potions of blood
 i - a potion of lignification {unknown}
 l - 2 potions of haste {unknown}
 n - a potion of cancellation {unknown}
 p - a potion of degeneration {unknown}
 q - a potion of flight {unknown}


   Skills:
 + Level 2.2 Fighting
 + Level 2.5 Short Blades
 + Level 2.2 Throwing
 + Level 0.1 Armour
 + Level 1.4 Dodging
 + Level 7.1 Stealth


You had 3 spell levels left.
You didn't know any spells.

Dungeon Overview and Level Annotations

Branches:
Dungeon (4/15)
 Temple: D:4-7

Altars:

Annotations:
D:4 Glooni's ghost, amateur HOFi


Innate Abilities, Weirdness & Mutations

You heal slowly.
You have razor-sharp teeth.
You have supernaturally acute eyesight. (SInv)
You can survive without breathing.


Message History

Glooni's ghost hits you but does no damage.
You hit Glooni's ghost but do no damage.
You hear the quick rusting of a drain nearby.
Glooni's ghost closely misses you.
You barely miss Glooni's ghost. Glooni's ghost misses you.
You hit Glooni's ghost.
Glooni's ghost is lightly damaged.
Glooni's ghost closely misses you.
You barely miss Glooni's ghost.
You bite Glooni's ghost, but do no damage.
Glooni's ghost is lightly damaged.
You hit Glooni's ghost but do no damage.
You bite Glooni's ghost, but do no damage.
Glooni's ghost is lightly damaged.
Glooni's ghost hits you!
You are feeling thirsty.
You hit Glooni's ghost but do no damage.
Glooni's ghost is lightly damaged.
Glooni's ghost hits you!
You die...

####.###...
.............
#............
#...##..#.###
#...##..#.##.
#r......#.##.
#....##....#.
###########............
#.....@W((#.#........#.
#.#######.#....####.##.
#..# #......# #.# #.##
######## ... ### .#.##
#.#.# # #.. ###


You could see Glooni's ghost.

Vanquished Creatures
  3 adders
  A dart slug (D:4)
  5 leopard geckos
  4 giant cockroaches (D:1)
  4 goblins (D:1)
  3 hobgoblins
  3 jackals (D:1)
  6 kobolds (D:1)
  2 ball pythons (D:1)
  4 bats (D:1)
  3 frilled lizards
  5 rats (D:1)
43 creatures vanquished.

Notes
Turn   | Place    | Note
-------+----------+-------------------------------------------
     0 | D:1      | Supahsalami the Vampire Assassin began the quest for the Orb.
     0 | D:1      | Reached XP level 1. HP: 16/16 MP: 1/1
    33 | D:1      | Reached skill level 6 in Stealth
   399 | D:1      | Reached XP level 2. HP: 22/22 MP: 2/2
  1013 | D:1      | Reached XP level 3. HP: 27/27 MP: 3/3
  1450 | D:2      | Reached skill level 7 in Stealth
  1546 | D:4      | Noticed a phantom
  1549 | D:4      | Reached XP level 4. HP: 33/33 MP: 4/4
  1927 | D:4      | Noticed Glooni's ghost (amateur HOFi)
  1967 | D:4      | Slain by Glooni's ghost

Skill      XL: |  1  2  3 |
---------------+----------+-----
Stealth        | 6 7 |  7.1
Throwing       | 2 |  2.2
Fighting       | 2 |  2.2
Short Blades   | |  2.5
Armour         | |  0.1
Dodging        | |  1.4

Action                   |  1- 3 |  4- 6 || total
-------------------------+-------+-------++-------
Melee: Dagger            |    94 |    23 ||   117
       Bite              |     6 |     3 ||     9
 Fire: Blowgun           |    15 |     7 ||    22
Throw: Throwing net      |     1 |       ||     1
  Use: Potion            |     1 |     1 ||     2
 Stab: Sleeping          |     5 |     2 ||     7
       Distracted        |     1 |       ||     1
Armor: Robe              |    17 |       ||    17
       Leather armour    |     5 |     3 ||     8
Dodge: Dodged            |    48 |    10 ||    58
